 Dungeon Crawl Stone Soup version 0.24.0-1-gfbc8707122 (webtiles) character file.

Game seed: 5426812694759159797, levelgen mode: deterministic

4636 Descartes the Agent of Entropy (level 10, 0/80 HPs)
             Began as a Formicid Abyssal Knight on Oct 26, 2019.
             Was a Priest of Lugonu.
             Slain by a centaur warrior (3 damage)
             ... on level 7 of the Dungeon.
             The game lasted 00:22:55 (9183 turns).

Descartes the Agent of Entropy (FoAK)               Turns: 9183, Time: 00:22:56

Health: 0/80       AC: 15    Str: 20    XL:     10   Next: 70%
Magic:  0/16       EV:  9    Int: 12    God:    Lugonu [***...]
Gold:   546        SH:  0    Dex: 18    Spells: 9/9 levels left

rFire    + . .     SeeInvis +   g - +11 falchion "Kuostios" {flame, *Rage Dex+8 Stlth-}
rCold    . . .     Gourm    .   (no shield)
rNeg     . . .     Faith    .   G - +3 chain mail {rF+}
rPois    .         Spirit   +   (helmet unavailable)
rElec    .         Reflect  .   e - scarf {Spirit}
rCorr    .         Harm     .   (no gloves)
MR       +....                  C - +0 pair of boots
Stlth    ..........             (no amulet)
HPRegen  0.23/turn              (no ring)
MPRegen  0.15/turn              (no ring)

@: very slightly contaminated, invisible
A: permanent stasis, dig shafts and tunnels, four strong arms, antennae 3
a: Dig, Shaft Self, Depart the Abyss, Bend Space, Banish, Renounce Religion


You were on level 7 of the Dungeon.
You worshipped Lugonu.
Lugonu was most pleased with you.
You were very hungry.

You visited 2 branches of the dungeon, and saw 8 of its levels.
You visited the Abyss 1 time.
You also visited: Sewer.

You collected 546 gold pieces.

Inventory:

Hand Weapons
 g - the +11 falchion "Kuostios" (weapon) {flame, *Rage Dex+8 Stlth-}
   (You found it on level 2 of the Abyss)

   It has been specially enchanted to burn those struck by it, causing extra
   injury to most foes and up to half again as much damage against particularly
   susceptible opponents.
   Big, fiery blades are also staple armaments of hydra-hunters.
   It affects your dexterity (+8).
   It may make you go berserk in combat.
   It makes you less stealthy.
 v - a +0 battleaxe
Missiles
 d - 4 boomerangs (quivered)
 m - 160 stones
 n - 143 arrows
 y - 66 sling bullets
 E - 20 poisoned darts
Armour
 e - a scarf of spirit shield (worn)
 B - a +0 troll leather armour {Purgy}
 C - a +0 pair of boots (worn)
 G - a +3 chain mail of fire resistance (worn)
Wands
 i - a wand of disintegration (7)
 j - a wand of iceblast (20)
 u - a wand of polymorph (5)
Scrolls
 b - a scroll of fear {unknown}
 h - 3 scrolls of magic mapping
 l - 2 scrolls of enchant armour
 o - 5 scrolls of remove curse
 p - 2 scrolls of fog {unknown}
 r - 2 scrolls of amnesia
 t - a scroll of immolation
 x - 2 scrolls of random uselessness
Potions
 a - a potion of mutation {unknown}
 q - 3 potions of brilliance
 s - a potion of lignification
 z - 2 potions of cancellation
 D - a potion of magic
Miscellaneous
 f - a phial of floods
Comestibles
 c - 22 rations


   Skills:
 + Level 8.1 Fighting
 + Level 6.5 Long Blades
 - Level 2.0 Axes
 + Level 7.5 Armour
 - Level 1.8 Dodging
 + Level 8.2 Invocations
 + Level 7.1 Evocations


You had 9 spell levels left.
You didn't know any spells.
Your spell library was empty.

Dungeon Overview and Level Annotations

Branches:
Dungeon (7/15)             Temple (1/1) D:7           Sewer (visited)

Altars:
Ashenzari
Cheibriados
Dithmenos
Elyvilon
Fedhas
Gozag
Hepliaklqana
Kikubaaqudgha
Makhleb
Nemelex Xobeh
Okawaru
Qazlal
Ru
Sif Muna
Trog
Uskayaw
Vehumet
Wu Jian
Xom
Yredelemnul
Zin
The Shining One

Annotations:
D:7 3 runed translucent doors, corrupted


Innate Abilities, Weirdness & Mutations

You cannot be hasted, slowed, berserked, paralysed or teleported.
You can dig through walls and to a lower floor.
Your four strong arms can wield two-handed weapons with a shield.
You have a pair of large antennae on your head. (SInv)


Message History

The large abomination completely misses the quokka zombie.
You slice the centaur warrior!! You burn the centaur warrior!
The centaur warrior is almost dead.
The centaur warrior hits you but does no damage.
The tentacled starspawn bites you!
* * * LOW HITPOINT WARNING * * *
The tentacled starspawn engulfs you but does no damage.
The centaur warrior hits you but does no damage.
Are you sure you want to shaft yourself?
You are feeling very hungry.
The centaur warrior hits you but does no damage.
The large abomination completely misses the quokka zombie.
Something hits the troll but does no damage.
Something completely misses the troll.
The troll bites something but does no damage.
The troll claws something but does no damage.
The troll claws something.
You begin to dig a shaft.
You continue digging a shaft.
The centaur warrior hits you.
You die...

....#...#.#.#.#
[...#..##..#.###
[...#..#.##{##{# {
.[....##..#.#{###
......##.#.#.#..#
.....##..#..#{#.##
.....#.####4####{##
.....#.# .#3#####X#
{ #
....##)###.{#ZZc@##
{ #
....#.#.####XT####
## ##.###.## #.{{{#
{{ #.
...##.#^###{ยง.Z# {
##.
..##.#.#.####+{#
#..
..#.#.#.#.###.#{
##.. .###.#)#.## #.
#... .##.#.#.#.###.
##..# .#.#.#.#.#.#
#...#


You could see a centaur warrior, a troll, an adder zombie, a quokka zombie, a
neutral tentacled starspawn, a neutral large abomination, a neutral smoke demon
and a neutral chaos spawn.

Vanquished Creatures
  Harold (D:7)
  Pikel (D:3)
  Joseph (D:7)
  Grinder (D:4)
  A hippogriff (D:7)
  Sigmund (D:4)
  Menkaure (D:7)
  Purgy (Sewer)
  2 orc warriors
  2 ice beasts (D:6)
  An ogre (D:6)
  4 slaves (D:4)
  2 phantoms
  2 centaurs
  2 big kobolds (D:6)
  4 bullfrogs
  A scorpion (D:5)
  3 wights (D:7)
  A jelly (D:5)
  2 crimson imps
  A bullfrog zombie (D:6)
  8 hounds
  A bullfrog skeleton (D:6)
  5 orc priests
  4 orc wizards
  3 worker ants
  5 gnolls (D:6)
  10 adders
  2 oozes
  6 worms
  3 dart slugs
  3 leopard geckos
  12 orcs
  2 ball pythons
  6 bats
  6 giant cockroaches
  7 goblins
  13 hobgoblins
  11 jackals
  4 quokkas
  9 frilled lizards
  23 kobolds
  A leopard gecko skeleton (D:5)
  27 rats
206 creatures vanquished.

Vanquished Creatures (others)
  An orc warrior (D:7)
  A phantom (D:7)
  A sky beast (D:7)
  A centaur (D:7)
  A crimson imp (D:7)
  A bullfrog zombie (D:7)
  A bullfrog skeleton (D:7)
  A centaur skeleton (D:7)
  A worker ant (D:7)
  A hound skeleton (D:7)
  2 orcs (D:7)
  A jackal (D:7)
  A jackal zombie (D:7)
  A plant (D:6)
15 creatures vanquished.

Grand Total: 221 creatures vanquished

Notes
Turn   | Place    | Note
-------+----------+-------------------------------------------
     0 | Abyss:1  | Descartes the Formicid Abyssal Knight began the quest for
                  | the Orb.
     0 | Abyss:1  | Reached XP level 1. HP: 18/18 MP: 2/2
    46 | Abyss:1  | Noticed a quasit
    84 | Abyss:1  | Noticed a quasit
   100 | Abyss:1  | Noticed a spatial vortex
   101 | Abyss:1  | Noticed a spatial vortex
   117 | Abyss:1  | Noticed a spiny frog
   147 | Abyss:2  | Noticed a large abomination
   154 | Abyss:2  | Noticed a quasit
   158 | Abyss:2  | Got a polished falchion
   160 | D:1      | Escaped the Abyss
   161 | D:1      | Identified the +11 falchion "Kuostios" {flame, *Rage Dex+8
                  | Stlth-} (You found it on level 2 of the Abyss)
   452 | D:1      | Reached skill level 1 in Dodging
   464 | D:1      | Reached XP level 2. HP: 23/24 MP: 3/3
   472 | D:1      | Reached * piety under Lugonu
   660 | D:1      | Reached XP level 3. HP: 29/29 MP: 4/4
   723 | D:1      | Reached skill level 1 in Long Blades
  1142 | D:2      | Reached skill level 1 in Evocations
  1278 | D:2      | Reached XP level 4. HP: 37/37 MP: 5/5
  1561 | D:2      | Reached ** piety under Lugonu
  1984 | D:3      | Reached XP level 5. HP: 32/42 MP: 3/7
  2274 | D:3      | Noticed an orc warrior
  2293 | D:4      | Noticed a centaur
  2294 | D:4      | HP: 2/42 [centaur (2)]
  2295 | D:4      | Killed a centaur
  2295 | D:4      | Reached XP level 6. HP: 2/48 MP: 0/8
  2298 | D:4      | Noticed a slave
  2338 | D:4      | Killed a slave
  2643 | D:4      | Noticed Pikel
  2643 | D:4      | Noticed a slave
  2665 | D:3      | Killed an orc warrior
  3158 | D:3      | Reached *** piety under Lugonu
  3163 | D:3      | Found an ancient bone altar of Kikubaaqudgha.
  3168 | D:3      | Found a burning altar of Makhleb.
  3385 | D:3      | Reached XP level 7. HP: 55/55 MP: 9/9
  4093 | D:4      | Noticed Grinder
  4104 | D:4      | Killed Grinder
  4104 | D:4      | Reached skill level 5 in Fighting
  4153 | D:4      | Noticed Sigmund
  4159 | D:4      | Killed Sigmund
  4159 | D:4      | Reached XP level 8. HP: 58/62 MP: 9/11
  4377 | D:3      | Killed Pikel
  4377 | D:3      | Reached skill level 5 in Armour
  4377 | D:3      | Reached skill level 5 in Invocations
  4412 | D:5      | Entered Level 5 of the Dungeon
  4733 | D:5      | Found a snail-covered altar of Cheibriados.
  4750 | D:5      | Reached XP level 9. HP: 67/69 MP: 11/13
  4791 | D:5      | Found an iron altar of Okawaru.
  4791 | D:5      | Found a blossoming altar of Fedhas.
  5395 | D:6      | Found a shattered altar of Ashenzari.
  5420 | D:6      | Reached skill level 5 in Evocations
  5432 | D:6      | Found a glowing drain.
  5465 | Sewer    | Entered a sewer
  5517 | Sewer    | Noticed Purgy
  5525 | Sewer    | Killed Purgy
  6077 | D:6      | Reached skill level 5 in Long Blades
  6223 | D:6      | Reached **** piety under Lugonu
  7213 | D:7      | Reached XP level 10. HP: 56/79 MP: 11/15
  7393 | D:7      | Noticed Menkaure
  7399 | D:7      | Killed Menkaure
  7719 | D:7      | Found a staircase to the Ecumenical Temple.
  7725 | D:7      | Noticed Joseph
  7728 | Temple   | Entered the Ecumenical Temple
  8007 | D:7      | Killed Joseph
  8235 | D:7      | Noticed Harold
  8566 | D:7      | Killed Harold
  8873 | D:7      | Found a runed translucent door.
  8873 | D:7      | Found a runed translucent door.
  8873 | D:7      | Found a runed translucent door.
  8873 | D:7      | Noticed a centaur warrior
  9166 | D:7      | Corrupted D:7
  9166 | D:7      | Noticed a tentacled starspawn
  9167 | D:7      | Noticed a worldbinder
  9174 | D:7      | HP: 3/80 [centaur warrior/arrow (2)]
  9180 | D:7      | Noticed a smoke demon
  9181 | D:7      | HP: 2/80 [tentacled starspawn[Lugonu's corruption] (8)]
  9183 | D:7      | Slain by a centaur warrior

Levels and vault maps discovered:
D:1:      tarquinn_simple_flora_water_a, layout_basic
D:2:      layout_loops_ring, grunt_ministairs_15, minmay_cupped
D:3:      layout_basic, minitemple, minmay_rat_hole
D:4:      layout_loops_ring, first_ration, uniq_pikel, uniq_grinder,
          uniq_sigmund
D:5:      layout_loops_corners, gammafunk_temple_overflow_elements, basic_altar,
          glass_columns_a
D:6:      kennysheep_housing_project, layout_basic,
          cheibrodos_sewer_entry_drain, evilmike_ruin_ashenzari
D:7:      minmay_the_grid_triangle_9x9_rhombus_full
          [minmay_the_grid_triangle_9x9_corruption,
          minmay_the_grid_triangle_9x9_skeleton,
          minmay_the_grid_triangle_9x9_checkered,
          minmay_the_grid_triangle_9x9_fully_insulated_deathbox,
          minmay_the_grid_triangle_9x9_impossible_snake,
          minmay_the_grid_triangle_9x9_subtriangle,
          minmay_the_grid_triangle_9x9_alien,
          minmay_the_grid_triangle_9x9_prize_special], layout_gridville,
          minmay_temple_entry_proselytizer, uniq_joseph, uniq_menkaure,
          uniq_harold
Temple:   dpeg_five_rooms_temple

Skill      XL: |  1  2  3  4  5  6  7  8  9 10 |
---------------+-------------------------------+-----
Dodging        | 1 |  1.8
Long Blades    | 1 2 3 4 5 6 |  6.5
Evocations     | 1 2 3 4 6 7 |  7.1
Invocations    | 3 4 5 7 8 |  8.2
Fighting       | 4 5 6 7 8 |  8.1
Armour         | 3 4 5 6 7 |  7.5
Axes           | |  2.0

Action                   |  1- 3 |  4- 6 |  7- 9 | 10-12 || total
-------------------------+-------+-------+-------+-------++-------
Melee: Falchion          |    47 |    99 |   197 |    70 ||   413
Invok: Depart the Abyss  |     1 |       |       |       ||     1
       Bend Space        |       |     4 |     1 |     2 ||     7
       Corrupt           |       |       |       |     1 ||     1
 Abil: Dig               |       |     3 |     5 |       ||     8
       Shaft Self        |       |       |       |     1 ||     1
  Use: Scroll            |       |     3 |     5 |     5 ||    13
       Potion            |       |       |     4 |     4 ||     8
  Eat: Chunk             |     1 |     8 |    14 |     6 ||    29
Armor: Leather armour    |    27 |       |       |       ||    27
       Ring mail         |    15 |    25 |       |       ||    40
       Chain mail        |       |     7 |   114 |    51 ||   172
Dodge: Dodged            |    62 |    67 |    84 |    48 ||   261
       Rpst.: Falchion   |     8 |    23 |    18 |    17 ||    66
